 Dungeon Crawl Stone Soup version 0.31-a0-441-g867994ef1c (webtiles) character file.

Game seed: 18139136111709417469

3557 garrulousMonolith the Geomancer (level 10, 0/59 HPs)
             Began as a Gargoyle Earth Elementalist on Aug 2, 2023.
             Was a Believer of Sif Muna.
             Slain by a komodo dragon (18 damage)
             ... on level 7 of the Dungeon.
             The game lasted 00:09:55 (7486 turns).

garrulousMonolith the Geomancer (GrEE)              Turns: 7486, Time: 00:09:56

Health: 0/59       AC: 18    Str: 12    XL:     10   Next: 9%
Magic:  17/17      EV: 12    Int: 20    God:    Sif Muna [**....]
Gold:   358        SH:  0    Dex: 10    Spells: 10/18 levels left

rFire   . . .        c - +4 dagger (venom)
rCold   . . .        (no shield)
rNeg    + . .        k - +0 leather armour
rPois   ∞            F - +0 helmet
rElec   +            (no cloak)
rCorr   .            y - +0 pair of gloves
SInv    .            B - +0 pair of boots
Will    +....        (no amulet)
Stlth   ++           f - ring of willpower
HPRegen 0.29/turn    t - +4 ring of protection
MPRegen 0.15/turn

%: no passive effects
@: about to teleport
A: sickness immunity, AC +7, negative energy resistance 1, electricity
resistance, torment resistance 1, petrification resistance
a: Renounce Religion, Channel Magic


You were on level 7 of the Dungeon.
You worshipped Sif Muna.
Sif Muna was pleased with you.
You visited 2 branches of the dungeon, and saw 9 of its levels.

You collected 358 gold pieces.

Inventory:

Hand Weapons
 c - a +4 dagger of venom (weapon)
Missiles
 o - 4 javelins (quivered)
 H - 5 poisoned darts
Armour
 k - a +0 leather armour (worn)
 y - a +0 pair of gloves (worn)
 B - a +0 pair of boots (worn)
 F - a +0 helmet (worn)
Magical Staves
 u - a staff of fire
Jewellery
 f - a ring of willpower (left hand)
 p - a ring of wizardry
 q - a ring of positive energy
 t - a +4 ring of protection (right hand)
Wands
 s - a wand of roots (9)
 w - a wand of polymorph (13)
 G - a wand of quicksilver (10)
Scrolls
 a - a scroll of immolation {unknown}
 i - a scroll of brand weapon {unknown}
 l - a scroll of blinking {unknown}
 m - 3 scrolls of amnesia
 n - 3 scrolls of noise {unknown}
 x - a scroll of enchant weapon {unknown}
 z - 2 scrolls of revelation {unknown}
 D - a scroll of fog {unknown}
Potions
 b - a potion of magic
 d - a potion of curing
 e - 2 potions of might
 h - a potion of lignification {unknown}
 r - a potion of resistance {unknown}
 v - a potion of attraction {unknown}
 A - a potion of enlightenment {unknown}
 C - a potion of invisibility
 E - a potion of haste {unknown}


   Skills:
 + Level 5.5 Fighting
 + Level 3.4 Armour
 - Level 3.0 Dodging
 - Level 2.1 Stealth
 + Level 4.8 Spellcasting
 * Level 7.1 Conjurations
 - Level 3.0 Transmutations
 * Level 9.4 Earth Magic
 + Level 4.4 Invocations


You had 10 spell levels left.
You knew the following spells:

 Your Spells              Type           Power      Damage    Failure   Level
a - Sandblast             Erth           84%        2d18      1%          1
b - Stone Arrow           Conj/Erth      74%        3d11      1%          3
c - Passwall              Tmut/Erth      24%        N/A       1%          2
d - Blink                 Tloc           8%         N/A       22%         2

Your spell library contained the following spells:

 Spells                   Type           Power      Damage    Failure   Level
 Momentum Strike          Conj/Tloc      38%        3d9       5%          2
 Petrify                  Tmut/Erth      29%        N/A       12%         4
 Slow                     Hex            16%        N/A       16%         1
 Lesser Beckoning         Tloc           8%         N/A       22%         2
 Confusing Touch          Hex            4%         N/A       41%         3
 Vampiric Draining        Necr           4%         2d6       41%         3


Dungeon Overview and Level Annotations

Branches:
Dungeon (8/15)             Temple (1/1) D:5
   Lair: D:8-11

Altars:
Ashenzari
Cheibriados
Dithmenos
Elyvilon
Fedhas
Gozag
Hepliaklqana
Kikubaaqudgha
Makhleb
Nemelex Xobeh
Ru
Sif Muna
Trog
Uskayaw
Vehumet
Wu Jian
Xom
Yredelemnul
Zin
The Shining One

Shops:
D:7 (

Annotations:
D:3 2 transporters
D:4 2 transporters, Loveship's ghost, amateur DrSh
D:8 Joseph


Innate Abilities, Weirdness & Mutations

You are immune to sickness and miasma.
Your stone body is resilient. (AC +7)
You are immune to poison.
You resist negative energy. (rN+)
You are resistant to electric shocks. (rElec)
You are resistant to unholy torment.
You are immune to petrification.


Message History

Confirm with . or Enter, or press ? or * to list all spells.
Aiming: Sandblast (safe; 1% risk of failure)
Press: ? - help, Shift-Dir - straight line, f/p - black bear
Aim: a black bear (moderately wounded, 89% to hit)
The blast of sand hits the black bear!
The black bear is severely wounded.
The black bear bites you but does no damage.
The black bear completely misses you.
The black bear claws you but does no damage.
The water moccasin bites you but does no damage.
You climb upwards.
There is a stone staircase leading down here.
Casting: Sandblast (safe; 1% risk of failure)
Confirm with . or Enter, or press ? or * to list all spells.
Aiming: Stone Arrow (safe; 1% risk of failure)
Press: ? - help, Shift-Dir - straight line, f - black bear
Aim: a black bear (severely wounded, 81% to hit)
The stone arrow hits the black bear!
You kill the black bear!
Sif Muna accepts your kill.
You start resting.
Magic restored.
You climb downwards.
Level annotation: Joseph The water moccasin bites you but does no damage.
The water moccasin closely misses you.
The water moccasin completely misses you.
The komodo dragon bites you!
The water moccasin barely misses you. x2
There is a stone staircase leading up here.
The bullfrog gives a loud, deep croak!
The komodo dragon bites you!!
The water moccasin bites you but does no damage.
The water moccasin barely misses you. The wight hits you with a +0 scimitar!
* * * LOW HITPOINT WARNING * * *
You climb upwards.
There is a stone staircase leading down here.
As you read the scroll of teleportation, it crumbles to dust.
You feel strangely unstable. The water moccasin barely misses you.
The komodo dragon bites you!!
You die...

...........# #.#
....######.# #.# .#.## #.#
##.######### .#.#######.##
#..........#
.......##...###..#######.#
...###..............# #.#
.### ####...###..##.# #.#
.# ##.## #Sl##.# #.#
.#########.####S@##.# #.#
................z...# #.#
##.####.###......#### #.#
#.# #.# #.###.## #.# #.#
#.# #.# #.# #.# #^# #.#
#.# #.########.#
#################........#
..................########
..#..#..#..#..#........#


You could see a komodo dragon, 2 water moccasins and a wight.

Vanquished Creatures
  Pikel (D:7)
  Prince Ribbit (D:5)
  A shadow (D:7)
  Eustachio (D:5)
  Menkaure (D:6)
  3 water moccasins
  An orc warrior (D:7)
  Duvessa (D:6)
  2 black bears
  2 sky beasts
  An ogre (D:4)
  2 bullfrogs
  3 scorpions (D:5)
  4 wights
  A killer bee (D:8)
  Dowan (D:6)
  4 jellies
  4 hounds
  8 iguanas
  3 sleepcaps
  3 orc wizards
  A gnoll (D:1)
  15 adders
  A white imp (D:6)
  2 ufetubi
  4 worms
  5 dart slugs
  11 orcs
  11 endoplasms
  6 giant cockroaches
  10 goblins
  5 hobgoblins
  16 jackals
  9 kobolds
  5 quokkas
  9 ball pythons
  9 bats
  4 frilled lizards
  4 rats
175 creatures vanquished.

Notes
Turn   | Place    | Note
-------+----------+-------------------------------------------
     0 | D:1      | garrulousMonolith the Gargoyle Earth Elementalist began the
                  | quest for the Orb.
     0 | D:1      | Reached XP level 1. HP: 10/10 MP: 3/3
    72 | D:1      | Reached skill level 1 in Transmutations
   128 | D:1      | Reached XP level 2. HP: 11/15 MP: 0/5
   431 | D:1      | Reached skill level 4 in Earth Magic
   492 | D:1      | Reached XP level 3. HP: 20/20 MP: 3/6
   496 | D:1      | Learned a level 3 spell: Stone Arrow
   499 | D:1      | Learned a level 2 spell: Passwall
   718 | D:1      | Reached skill level 1 in Conjurations
   992 | D:2      | Found a faded altar of an unknown god.
  1077 | D:2      | Reached skill level 1 in Fighting
  1123 | D:2      | Reached XP level 4. HP: 25/25 MP: 4/7
  1948 | D:3      | Found a radiant altar of Vehumet.
  1980 | D:3      | Noticed an ogre
  1982 | D:3      | Found a transporter.
  1991 | D:3      | Noticed a centaur
  1993 | D:3      | Found a transporter.
  2082 | D:3      | Found a shimmering blue altar of Sif Muna.
  2095 | D:3      | Reached XP level 5. HP: 29/29 MP: 4/8
  2129 | D:3      | Became a worshipper of Sif Muna the Loreminder
  2683 | D:3      | Found a hide-covered altar of Uskayaw.
  2709 | D:3      | Reached * piety under Sif Muna
  2765 | D:3      | Found a shimmering altar of Xom.
  2769 | D:3      | Found an opulent altar of Gozag.
  2771 | D:3      | Found an ancient bone altar of Kikubaaqudgha.
  3082 | D:4      | Reached skill level 5 in Earth Magic
  3082 | D:4      | Reached XP level 6. HP: 22/35 MP: 2/9
  3298 | D:4      | Identified the +8 halberd of Logatamm {venom, Int+3}
  3347 | D:4      | Found a transporter.
  3347 | D:4      | Found a transporter.
  3357 | D:4      | Noticed Loveship's ghost (amateur DrSh)
  3854 | D:4      | Reached XP level 7. HP: 40/40 MP: 9/11
  4173 | D:5      | Entered Level 5 of the Dungeon
  4222 | D:5      | Found a broken altar of Ashenzari.
  4427 | D:5      | Noticed Prince Ribbit
  4433 | D:5      | Reached skill level 6 in Earth Magic
  4442 | D:5      | Killed Prince Ribbit
  4443 | D:5      | Reached skill level 1 in Invocations
  4443 | D:5      | Reached XP level 8. HP: 46/46 MP: 2/12
  4603 | D:5      | Found a white marble altar of Elyvilon.
  4640 | D:5      | Noticed Eustachio
  4654 | D:5      | Killed Eustachio
  4737 | D:5      | Reached skill level 7 in Earth Magic
  4910 | D:5      | Found a staircase to the Ecumenical Temple.
  5034 | Temple   | Entered the Ecumenical Temple
  5073 | D:6      | Reached ** piety under Sif Muna
  5398 | D:6      | Learned a level 2 spell: Blink
  5460 | D:6      | Noticed Menkaure
  5464 | D:6      | Killed Menkaure
  5465 | D:6      | Reached skill level 5 in Conjurations
  5560 | D:6      | Noticed Duvessa
  5560 | D:6      | Noticed Dowan
  5562 | D:6      | Killed Dowan
  5567 | D:6      | Killed Duvessa
  5568 | D:6      | Reached skill level 1 in Armour
  5568 | D:6      | Reached XP level 9. HP: 18/52 MP: 7/15
  5807 | D:6      | Reached skill level 8 in Earth Magic
  6863 | D:7      | Found Medolo's Weapon Shop.
  6997 | D:7      | Reached skill level 5 in Fighting
  7189 | D:8      | Noticed Pikel
  7192 | D:8      | Noticed Joseph
  7203 | D:7      | Killed Pikel
  7204 | D:7      | Reached skill level 9 in Earth Magic
  7204 | D:7      | Reached XP level 10. HP: 24/59 MP: 1/17
  7486 | D:7      | Slain by a komodo dragon

Illustrated notes

Levels and vault maps discovered:
D:1:      mrwooster_arrival_statue_2, layout_loops_ring, st_stairs_12,
          minmay_hexomino_p4
D:2:      layout_basic, ebering_ecumenical_altar_rust
D:3:      layout_basic, kennysheep_orc_sif_temple,
          gammafunk_temple_overflow_arena, minitemple
D:4:      layout_loops_ring, gammafunk_ghost_gnarly_gnolls, kennysheep_potato
D:5:      layout_rooms, lemuel_crystal_altar, lemuel_doored_altar,
          minmay_temple_entry_overgrown, uniq_prince_ribbit1, uniq_eustachio
D:6:      layout_basic, grunt_tough_drop, uniq_menkaure, uniq_duvessa
D:7:      layout_loops_ring, serial_shops, shop, columned_hall_lemuel
D:8:      layout_cave_pools, due_lair_maze_entry_diamond, serial_shops,
          nicolae_shop_rolling_square, uniq_pikel, uniq_erica, uniq_joseph
Temple:   hellmonk_temple_two_chambers

Skill      XL: |  1  2  3  4  5  6  7  8  9 |
---------------+----------------------------+-----
Transmutations | 1 2 3 |  3.0
Earth Magic    | 4 5 6 7 9 |  9.4
Conjurations   | 1 2 3 5 7 |  7.1
Fighting       | 1 2 3 4 5 |  5.5
Dodging        | 2 3 |  3.0
Spellcasting   | 3 4 |  4.8
Invocations    | 1 3 4 |  4.4
Armour         | 1 3 |  3.4
Stealth        | |  2.1

Action                     |  1- 3 |  4- 6 |  7- 9 | 10-12 || total
---------------------------+-------+-------+-------+-------++-------
  Melee: Dagger            |     7 |     4 |    30 |       ||    41
         Punch             |       |       |     2 |       ||     2
   Cast: Sandblast         |    47 |   117 |   141 |     1 ||   306
         Stone Arrow       |       |       |    19 |     4 ||    23
    Use: Scroll            |     3 |     1 |     3 |     1 ||     8
         Potion            |       |       |     1 |       ||     1
 Armour: Robe              |    15 |     6 |       |       ||    21
         Leather armour    |       |    27 |    67 |     5 ||    99
  Dodge: Dodged            |    27 |    40 |    86 |     7 ||   160

Table legend: (Time is in decaauts)
 A = Elapsed time spent in this place.
 B = Non-inter-level travel time spent in this place.
 C = Inter-level travel time spent in this place.
 D = Time resting spent in this place.
 E = Time spent auto-exploring this place.
 F = Levels seen in this place.
 G = Mean time per level.
                   A        B        C        D        E       F      G
               +--------+--------+--------+--------+--------+-----+--------+
         Total |   7647 |   7243 |    404 |    797 |   5309 |   9 |  849.7 |
       Dungeon |   7645 |   7242 |    403 |    797 |   5309 |   8 |  955.6 |
        Temple |      1 |      1 |      0 |      0 |      0 |   1 |    1.0 |
               +--------+--------+--------+--------+--------+-----+--------+

Top non-repeatable levels by time:
     D:7: 1518 daAuts
     D:4: 1158 daAuts
     D:3: 1117 daAuts
     D:1: 1081 daAuts
     D:5: 918 daAuts
     D:2: 904 daAuts
     D:6: 864 daAuts
     D:8: 81 daAuts
  Temple: 1 daAuts
